 Dungeon Crawl Stone Soup version 0.30-a0-38-g011bda1 (webtiles) character file.

Game seed: 8173379953951776037

546724 AlternateLiz the Axe Maniac (level 24, -1/243 (249) HPs)
             Began as a Minotaur Fighter on Aug 26, 2022.
             Was the Champion of Okawaru.
             Killed from afar by an orb of fire (10 damage)
             ... with a bolt of fire
             ... on level 5 of the Realm of Zot on Aug 28, 2022.
             The game lasted 07:15:38 (101310 turns).

AlternateLiz the Axe Maniac (Minotaur Fighter)    Turns: 101310, Time: 07:15:40

HP:   -1/243 (249)  AC: 54    Str: 37    XL:     24   Next: 92%
MP:   0/30          EV:  7    Int:  8    God:    Okawaru [******]
Gold: 3969          SH:  0    Dex: 13    Spells: 23/23 levels left

rFire   + + +      SeeInvis +    a - +7 war axe "Killer Bee's Regret" {flame, rPois rC- Int+5 Stlth+}
rCold   . . .      Faith    .    h - +2 tower shield {AC+3}
rNeg    . . .      Spirit   +    J - +15 plate armour of Untruth {MP+9 Slay+3}
rPois   +          Reflect  .    Y - +1 hat of Brilliance {rCorr SInv}
rElec   .          Harm     .    M - scarf {repulsion}
rCorr   +          Rampage  ∞    c - +0 pair of gloves of the Ten Moons {+Inv rF+++ Str+2 Int-5}
Will    ++...                    K - +3 pair of seven-league boots {Rampage+∞}
Stlth   ..........               W - brooch of Shielding {Spirit SH+8}
HPRegen 0.50/turn                s - ring "Ludeugog" {rF+ Will+ AC+4 Str+3 Int-3}
MPRegen 0.22/turn                Q - ring "Loiriofe" {+Blink rC+ Str+2 Int+6 SInv}

@: held, slowed, studying 4 skills, lightly drained, repel missiles, very slow
A: horns 2, retaliatory headbutt, talons 1, iridescent scales 1, low MP 1,
screaming 1, inability to drink after injury 1
}: 3/15 runes: decaying, serpentine, slimy
a: Renounce Religion, Evoke Blink, Evoke Invisibility, Heroism, Finesse, Duel


You were on level 5 of the Realm of Zot.
You worshipped Okawaru.
Okawaru was exalted by your worship.
You visited 11 branches of the dungeon, and saw 52 of its levels.
You visited the Abyss 1 time.
You visited 1 bazaar.
You also visited: Trove.

You collected 8702 gold pieces.
You spent 4733 gold pieces at shops.

Inventory:

Hand Weapons
 a - the +7 war axe "Killer Bee's Regret" (weapon) {flame, rPois rC- Int+5 Stlth+}
   (Okawaru gifted it to you on level 13 of the Dungeon)

   It burns those it strikes, dealing additional fire damage.
   Big, fiery blades are also staple armaments of hydra-hunters.
   Int:       It affects your intelligence (+5).
   rC:        It makes you vulnerable to cold.
   rPois:     It protects you from poison.
   Stlth:     It makes you more stealthy.
 f - the +5 war axe of Bef Eqauni {drain, rPois Will+ Str+4}
   (Okawaru gifted it to you on level 2 of the Abyss)

   A truly terrible weapon, it drains the life of any living foe it strikes.
   Str:       It affects your strength (+4).
   rPois:     It protects you from poison.
   Will:      It increases your willpower.
 V - a +8 war axe of flaming
 X - a +9 broad axe of protection
Missiles
 l - 2 boomerangs of dispersal
 o - 14 atropa-tipped darts
 I - 45 poisoned darts
 P - 9 silver javelins
Armour
 c - the +0 pair of gloves of the Ten Moons (worn) {+Inv rF+++ Str+2 Int-5}
   (You found it on level 3 of the Elven Halls)

   Str:       It affects your strength (+2).
   Int:       It affects your intelligence (-5).
   rF:        It renders you almost immune to fire.
   +Inv:      It lets you turn invisible.
 h - a +2 tower shield of protection (worn)
 k - a +7 crystal plate armour
 J - the +15 plate armour of Untruth (worn) {MP+9 Slay+3}
   (You found it on level 5 of the Pits of Slime)

   Slay:      It affects your accuracy & damage with ranged weapons and melee
   (+3).
   MP:        It affects your magic capacity (+9).
 K - the +3 pair of seven-league boots (worn) {Rampage+∞}
   (Okawaru gifted it to you on level 2 of the Elven Halls)

   Its wearer moves as far as possible in that direction when moving towards
   enemies.
 M - a scarf of repulsion (worn)
 O - a +1 pair of gloves of dexterity
 Y - the +1 hat of Brilliance (worn) {rCorr SInv}
   (Okawaru gifted it to you on level 3 of the Elven Halls)

   SInv:      It lets you see invisible.
   rCorr:     It protects you from acid and corrosion.
Jewellery
 d - the ring of the Tortoise {AC+8}
   (You took it off a deep elf master archer on level 3 of the Elven Halls)

   [ring of protection]

   AC:        It affects your AC (+8).
 g - an amulet of regeneration
 i - a ring of poison resistance
 j - a +6 ring of intelligence
 m - the amulet "Kievonism" {Reflect +Inv Will- rCorr Int-3 SH+5}
   (You found it on level 5 of the Pits of Slime)

   [amulet of reflection]

   It reflects blocked missile attacks.
   Int:       It affects your intelligence (-3).
   +Inv:      It lets you turn invisible.
   rCorr:     It protects you from acid and corrosion.
   SH:        It affects your SH (+5).
   Will:      It decreases your willpower.
 s - the ring "Ludeugog" (left hand) {rF+ Will+ AC+4 Str+3 Int-3}
   (You found it in a treasure trove)

   [ring of protection]

   AC:        It affects your AC (+4).
   Str:       It affects your strength (+3).
   Int:       It affects your intelligence (-3).
   rF:        It protects you from fire.
   Will:      It increases your willpower.
 w - a ring of willpower
 A - the ring of the Coward {rCorr Str+6}
   (You found it in a treasure trove)

   [ring of strength]

   Str:       It affects your strength (+6).
   rCorr:     It protects you from acid and corrosion.
 B - a ring of magical power
 E - a ring of flight
 F - a ring of willpower
 H - an amulet of reflection
 Q - the ring "Loiriofe" (right hand) {+Blink rC+ Str+2 Int+6 SInv}
   (You took it off a deep elf demonologist on level 3 of the Elven Halls)

   [ring of intelligence]

   Str:       It affects your strength (+2).
   Int:       It affects your intelligence (+6).
   rC:        It protects you from cold.
   SInv:      It lets you see invisible.
   +Blink:    It lets you blink.
 R - the ring of Honesty {rF+ AC+4 Int+4}
   (You found it in a treasure trove)

   [ring of protection]

   AC:        It affects your AC (+4).
   Int:       It affects your intelligence (+4).
   rF:        It protects you from fire.
 S - a +6 ring of dexterity
 U - a +6 ring of dexterity
 W - the brooch of Shielding (around neck) {Spirit SH+8}
   (You found it in a treasure trove)

   [amulet of guardian spirit]

   It causes incoming damage to be divided between your reserves of health and
   magic.
   SH:        It affects your SH (+8).
 Z - the ring of Asivib {rF+ Str+6 Stlth+}
   (You found it in a treasure trove)

   [ring of strength]

   Str:       It affects your strength (+6).
   rF:        It protects you from fire.
   Stlth:     It makes you more stealthy.
Wands
 b - a wand of flame (69)
 n - a wand of mindburst (16)
 v - a wand of iceblast (54)
 z - a wand of acid (20)
 C - a wand of digging (6) (quivered)
 T - a wand of paralysis (29)
Scrolls
 p - 12 scrolls of magic mapping
 q - a scroll of amnesia
 x - 10 scrolls of fog
 y - 3 scrolls of fear
 G - 2 scrolls of silence
Potions
 e - 2 potions of invisibility
 r - 8 potions of berserk rage
 t - 5 potions of mutation
 N - 4 potions of haste


   Skills:
 O Level 27 Fighting
 O Level 27 Axes
 + Level 11.1 Throwing
 O Level 27 Armour
 + Level 8.4 Dodging
 O Level 27 Shields
 + Level 3.0 Invocations


You had 23 spell levels left.
You didn't know any spells.
Your spell library contained the following spells:

 Spells                   Type           Power      Damage    Failure   Level
 Apportation              Tloc           0%         N/A       69%         1
 Foxfire                  Conj/Fire      0%         2x1d4     69%         1
 Freeze                   Ice            0%         1d3       69%         1
 Magic Dart               Conj           0%         1d3       69%         1
 Necrotise                Necr           0%         1d4       69%         1
 Slow                     Hex            0%         N/A       69%         1
 Sting                    Tmut/Pois      0%         1d3       69%         1
 Ensorcelled Hibernation  Hex/Ice        0%         N/A       83%         2
 Passwall                 Tmut/Erth      0%         N/A       83%         2
 Poisonous Vapours        Pois/Air       0%         N/A       83%         2
 Scorch                   Fire           0%         2d5       83%         2
 Static Discharge         Conj/Air       0%         3-3/arc   83%         2
 Confusing Touch          Hex            0%         N/A       96%         3
 Conjure Flame            Conj/Fire      0%         6-21      96%         3
 Dazzling Flash           Conj/Hex       0%         N/A       96%         3
 Frozen Ramparts          Ice            0%         1d1       96%         3
 Gell's Gravitas          Tloc           0%         N/A       96%         3
 Inner Flame              Hex/Fire       0%         N/A       96%         3
 Ozocubu's Armour         Ice            0%         N/A       96%         3
 Portal Projectile        Hex/Tloc       0%         N/A       96%         3
 Spider Form              Tmut/Pois      0%         N/A       96%         3
 Stone Arrow              Conj/Erth      0%         3d7       96%         3
 Swiftness                Air            0%         N/A       96%         3
 Teleport Other           Tloc           0%         N/A       96%         3
 Vampiric Draining        Necr           0%         2d6       96%         3
 Airstrike                Air            0%         2d(0-16)  100%        4
 Anguish                  Hex/Necr       0%         N/A       100%        4
 Cause Fear               Hex            0%         N/A       100%        4
 Flame Wave               Conj/Fire      0%         2d4       100%        4
 Fulminant Prism          Conj/Hex       0%         3d6       100%        4
 Ice Form                 Ice/Tmut       0%         N/A       100%        4
 Iskenderun's Mystic Bla  Conj/Tloc      0%         2d3       100%        4
 Leda's Liquefaction      Hex/Erth       0%         N/A       100%        4
 Olgreb's Toxic Radiance  Pois           0%         N/A       100%        4
 Passage of Golubria      Tloc           0%         N/A       100%        4
 Petrify                  Tmut/Erth      0%         N/A       100%        4
 Agony                    Necr           0%         N/A       100%        5
 Alistair's Intoxication  Tmut/Pois      0%         N/A       100%        5
 Blade Hands              Tmut           0%         N/A       100%        5
 Irradiate                Conj/Tmut      0%         3d11      100%        5
 Iskenderun's Battlesphe  Conj           0%         2d6       100%        5
 Lee's Rapid Deconstruct  Erth           0%         3d5*      100%        5
 Lightning Bolt           Conj/Air       0%         1d11      100%        5
 Metabolic Englaciation   Hex/Ice        0%         N/A       100%        5
 Silence                  Hex/Air        0%         N/A       100%        5
 Yara's Violent Unravell  Hex/Tmut       0%         3d3       100%        5
 Dispersal                Tloc           0%         N/A       100%        6
 Iron Shot                Conj/Erth      0%         9d1       100%        6
 Statue Form              Tmut/Erth      0%         N/A       100%        6
 Dragon Form              Tmut           0%         N/A       100%        7
 Enfeeble                 Hex            0%         N/A       100%        7
 Storm Form               Tmut/Air       0%         N/A       100%        7
 Lehudib's Crystal Spear  Conj/Erth      0%         10d2      100%        8
 Maxwell's Capacitive Co  Air            0%         ∞         100%        8
 Call Canine Familiar     Summ           Unusable   N/A       N/A         3
 Tukima's Dance           Hex            Unusable   N/A       N/A         3
 Animate Armour           Summ/Erth      Unusable   N/A       N/A         4
 Summon Ice Beast         Ice/Summ       Unusable   N/A       N/A         4
 Summon Lightning Spire   Summ/Air       Unusable   N/A       N/A         4
 Simulacrum               Ice/Necr       Unusable   N/A       N/A         6
 Summon Cactus Giant      Summ           Unusable   N/A       N/A         6
 Spellforged Servitor     Conj/Summ      Unusable   N/A       N/A         7
 Dragon's Call            Summ           Unusable   N/A       N/A         9

Dungeon Overview and Level Annotations

Branches:
Dungeon (15/15)            Temple (1/1) D:4            Lair (5/5) D:9
  Swamp (4/4) Lair:2        Snake (4/4) Lair:3        Slime (5/5) Lair:5
    Orc (2/2) D:11            Elf (3/3) Orc:2        Vaults (4/5) D:13
  Crypt (0/3) Vaults:3     Depths (4/4) D:15            Zot (5/5) Depths:4

Altars:
Ashenzari
Cheibriados
Dithmenos
Elyvilon
Fedhas
Gozag
Hepliaklqana
Kikubaaqudgha
Makhleb
Nemelex Xobeh
Okawaru
Qazlal
Ru
Sif Muna
Trog
Uskayaw
Vehumet
Wu Jian
Xom
Yredelemnul
Zin
The Shining One
Jiyva

Shops:
D:5 [   D:8 ([   Orc:2 *[*?   Elf:1 (*   Snake:3 :*![   Depths:2 :=:
Depths:4 *

Portals:
Hell: Depths:1 Depths:2 Depths:3 Depths:4
Abyss: Depths:2 Depths:3
Pandemonium: Depths:1 Depths:2 Depths:3
Ziggurat: Depths:1

Annotations:
Lair:5 exclusion: obsidian statue
Elf:2 exclusion: 2 ice statues
Vaults:1 1 runed translucent door, Nycvuote's ghost, adept DrTm
Depths:1 1 runed translucent door
Depths:3 2 runed translucent doors, Parghit
Zot:2 2 transporters, Vapurghao's ghost, master MiBr


Innate Abilities, Weirdness & Mutations

You have a pair of horns on your head.
You reflexively headbutt those who attack you in melee.
You have sharp toenails.
You are partially covered in iridescent scales. (AC +2)
Your magical capacity is low. (-10% MP)
You occasionally shout uncontrollably at your foes.
You occasionally lose the ability to drink potions when taking damage.


Message History

The death cob hits you but does no damage.
Okay, then.
You are still too unstable to blink.
Okay, then.
You struggle against the net.
You feel yourself speed up.
Your resistance to elements expires.
The death cob hits you!
* * * LOW HITPOINT WARNING * * *
The death cob drains your vigour!
You feel yourself slow down.
The death cob hits you but does no damage.
The Killer Klown blinks!
The purple draconian shifter mumbles some strange words.
The purple draconian shifter blinks!
The death cob barely misses you.
The purple draconian hits you but does no damage.
The ancient lich touches you!
* * * LOW HITPOINT WARNING * * *
You feel drained.
* * * LOW HITPOINT WARNING * * *
Okay, then.
You struggle against the net.
You feel stable enough to blink again.
The death cob hits you but does no damage. x2
The death cob hits you. The death cob drains your vigour!
You feel as though you will be slow longer.
The Killer Klown blinks!
The purple draconian hits you but does no damage.
The ancient lich touches you!
* * * LOW HITPOINT WARNING * * *
The death cob hits you but does no damage.
The orb of fire glows red.
The bolt of fire hits you! You resist.
* * * LOW HITPOINT WARNING * * *
The purple draconian breathes dispelling energy at you.
The bolt of dispelling energy misses you.
The ancient lich touches you but does no damage.
You fail to use your ability.
The death cob completely misses you. The death cob closely misses you.
The Killer Klown blinks!
The orb of fire glows yellow.
The bolt of fire hits you! You resist.
You die...

#............(..^....
#........^.p.........
#.......^............
#........†.........§.
#....................
#....dq.............^
##..Dp1§^...........#
##dL*Xp..........^##
##@zXqd.[.......##
▓▓▓################▓▓
*..# #.# #....# *#.##
#.# #..#.# #..# #.##
#..#.# #..# ##.#
#..#.. #..# #.#
##⌠##. #..# #.# #..#.
##.## #.## #...#


You could see an orb of fire, 3 Killer Klowns, a Hell Sentinel, a green
draconian monk, an ancient lich, 2 draconians, a purple draconian, a purple
draconian shifter, a death cob, a quicksilver dragon and 2 Orb Guardians.

Vanquished Creatures
  the Royal Jelly (Slime:5)
  3 orbs of fire
  2 juggernauts (Depths:4)
  Frederick (D:13)
  Xtahua (Vaults:3)
  Vashnia (Snake:4)
  A caustic shrike (Depths:1)
  2 curse toes
  2 golden dragons (Zot:4)
  2 bone dragons (Zot:1)
  the Enchantress (Depths:2)
  3 doom hounds (Zot:1)
  2 electric golems (Zot:2)
  12 tentacled monstrosities
  4 liches
  8 Orb Guardians (Zot:5)
  Grunn (Zot:1)
  Asterion (Vaults:1)
  9 quicksilver dragons
  29 acid blobs
  3 deep elf blademasters
  4 deep elf master archers (Elf:3)
  2 tentacled starspawn (Abyss:2)
  7 death cobs
  4 sphinxes
  5 tengu reavers
  Agnes (D:13)
  2 thorn hunters (Swamp:4)
  9 shadow dragons
  16 azure jellies
  6 nagarajas
  5 storm dragons
  15 rockslimes
  A fenstrider witch (Swamp:4)
  5 fire giants
  3 draconian knights
  5 frost giants
  Aizul (Depths:2)
  9 draconian monks
  2 orc warlords
  The ghost of poml the Brawler, a journeyman TrTm of Hepliaklqana (Swamp:1)
  7 vault wardens
  3 draconian scorchers
  4 deep elf elementalists
  2 draconian shifters
  A juggernaut zombie (Depths:2)
  3 deep elf sorcerers (Elf:3)
  Louise (Swamp:2)
  2 ghost moths (Zot:4)
  A ghoul (Vaults:3)
  A reaper (Zot:1)
  The ghost of Omodaef the Thaumaturge, a journeyman DjEE of Makhleb (Elf:1)
  27 very ugly things
  10 draconian annihilators
  6 draconian stormcallers
  2 war gargoyles
  17 quicksilver oozes
  6 spriggan defenders
  14 ironbound preservers
  4 ironbound thunderhulks
  7 deep elf annihilators
  14 stone giants
  Nessos (Orc:2)
  8 deep elf demonologists
  A putrid mouth (Zot:1)
  5 eleionomae
  20 black draconians
  19 green draconians
  A vampire knight (Depths:1)
  21 dire elephants
  2 entropy weavers
  15 purple draconians
  13 red draconians
  9 white draconians
  7 bunyips
  8 spark wasps
  9 yellow draconians
  An eidolon (Vaults:3)
  9 deep elf death magi
  Snorg (Lair:4)
  5 fire dragons
  Josephine (Orc:1)
  9 ettins
  A shambling mangrove (Swamp:3)
  A merfolk impaler (Depths:4)
  7 deep elf high priests
  A peacekeeper (Vaults:4)
  2 boulder beetles
  5 vault guards
  5 yaktaur captains
  Harold (Lair:1)
  9 great orbs of eyes
  A quicksilver dragon skeleton (Depths:2)
  2 ghost crabs
  4 salamander tyrants
  8 ice dragons
  5 rakshasas
  26 hydras
  5 spriggan air magi
  5 ironbound frosthearts
  6 alligators
  11 anacondas
  8 centaur warriors
  34 dancing weapons
  Erica (D:9)
  7 tengu warriors
  15 naga warriors
  4 two-headed ogres
  8 deep troll shamans
  7 naga sharpshooters
  8 deep troll earth magi
  Urug (Lair:2)
  10 spriggan berserkers
  6 orc high priests (Orc:2)
  A shock serpent (shapeshifter) (D:10)
  3 sun demons
  3 thrashing horrors (Abyss:2)
  10 hell knights
  A soul eater (Depths:1)
  2 shock serpents
  A titan skeleton (Depths:2)
  Amaemon (Lair:1)
  17 deep elf knights
  5 salamander mystics
  A wretched star (Abyss:2)
  2 spectral death yaks (Lair:5)
  A fire crab (Lair:2)
  4 spectral spriggans (Swamp:1)
  3 iron trolls
  A spriggan druid (Swamp:1)
  2 goliath frogs (Swamp:1)
  6 naga ritualists
  2 skeletal warriors
  A spectral anaconda (Lair:5)
  38 deep trolls
  3 glowing orange brains
  A flayed ghost (Depths:3)
  An obsidian statue (Elf:1)
  7 swamp dragons (Swamp:4)
  4 bog bodies
  A spatial maelstrom (Abyss:2)
  A shadow demon (Depths:1)
  3 deep elf archers
  9 wizards
  A golden dragon skeleton (Depths:2)
  2 fenstrider witch simulacra (Swamp:1)
  Pikel (D:9)
  2 tengu zombies (Depths:2)
  2 phantasmal warriors (Depths:1)
  13 ironbound convokers
  32 deep elf zephyrmancers
  7 mana vipers
  8 necromancers
  22 lindwurms
  4 shining eyes
  A sphinx zombie (Depths:2)
  4 orc knights
  7 cyclopes
  25 deep elf pyromancers
  A wolf spider (shapeshifter) (Depths:4)
  4 will-o-the-wisps
  3 orc sorcerers
  A manticore (D:13)
  A tengu skeleton (Depths:2)
  A human zombie (Vaults:1)
  47 ugly things
  19 salamanders
  15 black mambas
  A worldbinder (Abyss:2)
  16 moths of wrath
  6 guardian serpents
  Joseph (D:8)
  36 elephants
  18 vault sentinels
  A water nymph (shapeshifter) (Vaults:4)
  3 smoke demons
  3 gargoyles
  14 naga magi
  3 eyes of devastation (Slime:5)
  8 cane toads
  A torpor snail (Lair:1)
  Maggie (D:9)
  An orange demon (Lair:1)
  3 rime drakes
  16 yaktaurs
  4 tengu conjurers
  10 komodo dragons
  3 efreet
  A hellwing (Depths:2)
  A spectral death drake (Swamp:1)
  3 polar bears
  3 meliai (D:15)
  9 tyrant leeches
  9 trolls
  A tarantella (Vaults:2)
  9 hornets
  4 raiju (Abyss:2)
  14 blink frogs
  2 hornets (shapeshifter) (D:15)
  6 dream sheep (Lair:5)
  A raiju (shapeshifter) (Elf:2)
  Sigmund (D:5)
  81 slime creatures
  9 spriggans
  9 water elementals
  2 air elementals (Elf:3)
  2 vampires (D:12)
  6 wraiths
  12 yaks
  5 flying skulls (Abyss:2)
  3 shadows
  4 wyverns
  Eustachio (D:5)
  8 golden eyes
  3 steam dragons
  6 fire elementals
  2 redbacks
  A chaos spawn (Depths:1)
  2 vampire mosquitoes (D:12)
  A neqoxec (Abyss:2)
  2 spriggan simulacra (Swamp:1)
  4 basilisks
  10 wargs
  2 spectral cane toads (Lair:5)
  An elf skeleton (Vaults:1)
  A harpy simulacrum (Abyss:2)
  20 swamp worms
  7 spatial vortices (Abyss:2)
  2 large abominations (Abyss:2)
  34 nagas
  2 death drake simulacra (Swamp:1)
  An acid dragon (D:14)
  A two-headed ogre zombie (D:11)
  10 water moccasins
  5 swamp drakes (Swamp:4)
  A black bear (D:6)
  14 orc warriors
  A glowing shapeshifter skeleton (Vaults:1)
  A floating eye (shapeshifter) (Vaults:4)
  An ice beast (D:8)
  6 ogres
  18 wolves
  13 centaurs
  4 phantoms
  3 kobold brigands
  A lemure (D:9)
  10 bullfrogs
  A necrophage (D:8)
  3 scorpions
  2 gnoll sergeants
  4 earth elementals
  2 cane toad simulacra (Lair:5)
  4 wights
  11 killer bees
  A troll zombie (D:11)
  5 howler monkeys
  2 jellies
  5 electric eels
  38 orc priests
  7 hounds
  A gnoll bouda (D:10)
  5 iguanas
  18 orc wizards
  11 hell rats
  2 small abominations (Abyss:2)
  6 ogre zombies (D:11)
  15 gnolls
  6 adders
  A shadow imp (D:6)
  3 white imps
  4 ufetubi
  2 dart slugs (D:2)
  2 worms
  87 orcs
  8 ball pythons
  3 bats
  3 endoplasms (D:1)
  A giant cockroach (D:2)
  5 goblins
  6 hobgoblins
  2 jackals (D:5)
  18 kobolds
  2 quokkas
  4 frilled lizards
  A goblin skeleton (D:11)
  5 goblin zombies (D:11)
  A hobgoblin skeleton (D:11)
  4 hobgoblin zombies (D:11)
  An orc skeleton (D:11)
  13 orc zombies (D:11)
  7 rats
  4 briar patches (Swamp:4)
  A butterfly (Lair:2)
  3 starspawn tentacles (Abyss:2)
1947 creatures vanquished.

Vanquished Creatures (others)
  A draconian knight (Zot:1)
  2 deep elf pyromancers
  4 bloated husks
  An air elemental (Elf:1)
  2 swamp drakes (Swamp:4)
  2 briar patches (Swamp:4)
  A bush (Lair:2)
  12 foxfires
  29 fungi
  73 plants
  4 starspawn tentacles (Abyss:2)
  29 withered plants (Lair:5)
160 creatures vanquished.

Grand Total: 2107 creatures vanquished

Notes
Turn   | Place    | Note
-------+----------+-------------------------------------------
     0 | D:1      | AlternateLiz the Minotaur Fighter began the quest for the
                  | Orb.
     0 | D:1      | Reached XP level 1. HP: 19/19 MP: 0/0
   182 | D:1      | Reached XP level 2. HP: 27/27 MP: 1/1
   825 | D:2      | Reached XP level 3. HP: 33/33 MP: 2/2
  1600 | D:3      | Noticed a phantom
  1606 | D:3      | Reached XP level 4. HP: 40/40 MP: 3/3
  1615 | D:3      | Killed a phantom
  1616 | D:3      | Reached XP level 5. HP: 42/47 MP: 4/4
  1700 | D:3      | Found a faded altar of an unknown god.
  2055 | D:4      | Reached skill level 5 in Axes
  2055 | D:4      | Reached skill level 1 in Dodging
  2280 | D:4      | Reached XP level 6. HP: 41/53 MP: 5/5
  2555 | D:4      | Found a staircase to the Ecumenical Temple.
  2565 | Temple   | Entered the Ecumenical Temple
  2736 | Temple   | Became a worshipper of Warmaster Okawaru
  2848 | D:4      | Reached skill level 5 in Armour
  3121 | D:4      | Reached skill level 5 in Fighting
  3121 | D:4      | Reached XP level 7. HP: 41/61 MP: 6/6
  3577 | D:5      | Entered Level 5 of the Dungeon
  3640 | D:5      | Found Faxzoipa's Armour Boutique.
  3643 | D:5      | Noticed Sigmund
  3750 | D:5      | Found a large runed translucent door.
  3751 | D:5      | Found a large runed translucent door.
  4220 | D:6      | Reached skill level 1 in Throwing
  4263 | D:6      | Reached * piety under Okawaru
  4274 | D:6      | Reached XP level 8. HP: 26/70 MP: 7/7
  4380 | D:6      | Reached skill level 5 in Shields
  5716 | D:7      | Reached ** piety under Okawaru
  6133 | D:8      | Reached XP level 9. HP: 72/78 MP: 8/8
  6561 | D:8      | Found a shimmering blue altar of Sif Muna.
  6581 | D:8      | Noticed Joseph
  6974 | D:7      | Reached skill level 10 in Axes
  7168 | D:8      | Found Oliare's Antique Armour Shoppe.
  7244 | D:8      | Found Koteapta's Weapon Boutique.
  7281 | D:8      | Reached *** piety under Okawaru
  7562 | D:8      | Killed Joseph
  8101 | D:5      | Killed Sigmund
  8398 | D:5      | Found a hide-covered altar of Uskayaw.
  8425 | D:5      | Noticed Eustachio
  8452 | D:5      | Killed Eustachio
  8715 | D:5      | Found a sacrificial altar of Ru.
  8911 | D:5      | Found a bloodstained altar of Trog.
  8927 | D:5      | Found an ornate altar of the Wu Jian Council.
  9039 | D:8      | Reached XP level 10. HP: 39/88 MP: 9/9
  9042 | D:8      | Reached **** piety under Okawaru
  9551 | D:9      | Noticed Erica
  9574 | D:9      | Killed Erica
  9916 | D:9      | Identified the +7 whip "Nuomn" {vorpal, rF+ rN++}
  9932 | D:9      | Noticed Pikel
  9949 | D:9      | Killed Pikel
  9949 | D:9      | Reached ***** piety under Okawaru
  9950 | D:9      | Reached skill level 10 in Armour
 10199 | D:9      | Noticed a two-headed ogre
 10208 | D:9      | Killed a two-headed ogre
 10208 | D:9      | Identified the +1 chain mail of Okawaru's Envy {rF- rN+
                  | Dex+3} (Okawaru gifted it to you on level 9 of the Dungeon)
 10208 | D:9      | Received a gift from Okawaru
 10560 | D:9      | Found a staircase to the Lair.
 10560 | D:9      | Noticed Maggie
 10686 | D:9      | Killed Maggie
 11628 | D:9      | Found a blossoming altar of Fedhas.
 11754 | Lair:1   | Entered Level 1 of the Lair of Beasts
 11754 | Lair:1   | Noticed an elephant
 11754 | Lair:1   | Noticed an elephant
 11754 | Lair:1   | Noticed an elephant
 11754 | Lair:1   | Noticed an elephant
 11754 | Lair:1   | Noticed an elephant
 11754 | Lair:1   | You fall into a shaft and drop 1 floor!
 11754 | Lair:2   | Noticed a seven-headed hydra
 11755 | Lair:2   | Noticed an elephant
 11758 | Lair:2   | Noticed an elephant
 11763 | Lair:2   | Noticed a fire crab
 11945 | Lair:2   | Reached XP level 11. HP: 80/97 MP: 10/10
 12415 | Lair:2   | Found a staircase to the Swamp.
 12415 | Lair:2   | Noticed a seven-headed hydra
 12421 | Lair:2   | Noticed a four-headed hydra
 12467 | Lair:1   | Reached skill level 10 in Fighting
 12484 | Lair:1   | Received a gift from Okawaru
 12790 | Lair:1   | Noticed Amaemon
 12885 | Lair:1   | Received a gift from Okawaru
 12900 | Lair:1   | Reached skill level 5 in Throwing
 12905 | Lair:1   | Reached XP level 12. HP: 38/110 MP: 11/11
 13379 | Lair:1   | Noticed Harold
 13393 | Lair:1   | Killed Harold
 13394 | Lair:1   | Reached skill level 15 in Axes
 13442 | Lair:1   | Killed Amaemon
 14303 | Lair:2   | Noticed a six-headed hydra
 14437 | Lair:2   | Killed a five-headed hydra
 14469 | Lair:2   | Noticed a seven-headed hydra
 14477 | Lair:2   | Killed a two-headed hydra
 14891 | Lair:2   | Killed a six-headed hydra
 14997 | Lair:2   | Killed a two-headed hydra
 15092 | Lair:2   | Killed a four-headed hydra
 15092 | Lair:2   | Received a gift from Okawaru
 15160 | Lair:2   | Noticed Urug
 15171 | Lair:2   | Killed Urug
 15626 | Lair:3   | Noticed a seven-headed hydra
 15632 | Lair:3   | Killed a six-headed hydra
 15798 | Lair:3   | Reached XP level 13. HP: 116/118 MP: 12/12
 15952 | Lair:3   | Found a staircase to the Snake Pit.
 16038 | Lair:3   | Identified the +8 hand axe of Evisceration {flame, Will+
                  | Int+2} (Okawaru gifted it to you on level 3 of the Lair of
                  | Beasts)
 16038 | Lair:3   | Received a gift from Okawaru
 17627 | Lair:4   | Noticed Snorg
 17637 | Lair:4   | Killed Snorg
 18206 | Lair:4   | Received a gift from Okawaru
 18758 | Lair:5   | Entered Level 5 of the Lair of Beasts
 18758 | Lair:5   | Found a viscous altar of Jiyva.
 18758 | Lair:5   | Found a staircase to the Slime Pits.
 18780 | Lair:5   | Reached ****** piety under Okawaru
 18827 | Lair:5   | Received a gift from Okawaru
 19157 | Lair:5   | Received a gift from Okawaru
 19511 | Lair:5   | Noticed a dire elephant
 19511 | Lair:5   | Noticed a dire elephant
 19511 | Lair:5   | Noticed a dire elephant
 19511 | Lair:5   | Noticed a dire elephant
 19539 | Lair:5   | Killed a dire elephant
 19539 | Lair:5   | Identified the +10 hand axe "Wuestreo" {elec, Str+9}
                  | (Okawaru gifted it to you on level 5 of the Lair of Beasts)
 19539 | Lair:5   | Received a gift from Okawaru
 20408 | Lair:5   | Noticed a dire elephant
 20482 | Lair:5   | Reached XP level 14. HP: 129/129 MP: 13/13
 21201 | Lair:5   | Reached skill level 15 in Armour
 21601 | Lair:5   | Received a gift from Okawaru
 21952 | D:10     | Entered Level 10 of the Dungeon
 22155 | D:10     | Found a runed translucent door.
 22156 | D:10     | Noticed a fire giant
 22421 | D:10     | Found a radiant altar of Vehumet.
 22421 | D:10     | Found a basalt altar of Yredelemnul.
 22423 | D:10     | Found a shimmering altar of Xom.
 22745 | D:10     | Identified the ring of the Empty Page {rN++ AC+4 Slay-5}
 22934 | D:10     | Killed a fire giant
 24454 | D:11     | Found a staircase to the Orcish Mines.
 24705 | D:10     | Found an opulent altar of Gozag.
 24705 | D:10     | Found an ancient bone altar of Kikubaaqudgha.
 24998 | Orc:1    | Entered Level 1 of the Orcish Mines
 25034 | Orc:1    | Noticed an orc warlord
 26110 | Orc:1    | Killed an orc warlord
 26528 | Orc:1    | You fall into a shaft and drop 1 floor!
 26528 | Orc:2    | Entered Level 2 of the Orcish Mines
 26548 | Orc:1    | Noticed Josephine
 26562 | Orc:1    | Killed Josephine
 26563 | Orc:1    | Reached skill level 10 in Shields
 26574 | Orc:1    | Identified the +8 quick blade "Zoysk" {venom, rN+} (Okawaru
                  | gifted it to you on level 1 of the Orcish Mines)
 26574 | Orc:1    | Received a gift from Okawaru
 26921 | Orc:2    | Noticed Nessos
 27166 | Orc:2    | Killed Nessos
 27167 | Orc:2    | Reached skill level 15 in Fighting
 27825 | Orc:2    | Found a staircase to the Elven Halls.
 27958 | Orc:2    | Found Xaygy's General Store.
 27996 | Orc:2    | Bought a scroll of identify for 28 gold pieces
 28002 | Orc:2    | Found Zaanysuts's Magic Scroll Boutique.
 28014 | Orc:2    | Bought a scroll of teleportation for 45 gold pieces
 28014 | Orc:2    | Bought a scroll of identify for 30 gold pieces
 28014 | Orc:2    | Bought a scroll of identify for 30 gold pieces
 28014 | Orc:2    | Bought a scroll of blinking for 112 gold pieces
 28014 | Orc:2    | Bought a scroll of enchant armour for 112 gold pieces
 28014 | Orc:2    | Bought a scroll of identify for 30 gold pieces
 28014 | Orc:2    | Identified a scroll of acquirement
 28118 | Orc:2    | Received a gift from Okawaru
 28282 | Orc:2    | Found Qoecet's Assorted Antiques.
 28282 | Orc:2    | Found Ytofienu's Armour Boutique.
 28286 | Orc:2    | Reached skill level 1 in Invocations
 28428 | Orc:2    | Reached XP level 15. HP: 60/141 MP: 14/14
 29700 | D:12     | Received a gift from Okawaru
 30334 | D:13     | Found a gate to the Vaults.
 30342 | D:13     | Identified the +7 war axe "Killer Bee's Regret" {flame,
                  | rPois rC- Int+5 Stlth+} (Okawaru gifted it to you on level
                  | 13 of the Dungeon)
 30342 | D:13     | Received a gift from Okawaru
 32009 | D:14     | Received a gift from Okawaru
 32566 | D:15     | Entered Level 15 of the Dungeon
 32859 | D:15     | Received a gift from Okawaru
 33950 | D:15     | Found a staircase to the Depths.
 34532 | Snake:1  | Entered Level 1 of the Snake Pit
 34542 | Snake:1  | Identified the +3 chain mail of the Wary Bones {Dex+2}
                  | (Okawaru gifted it to you on level 1 of the Snake Pit)
 34542 | Snake:1  | Received a gift from Okawaru
 35688 | Snake:1  | Reached XP level 16. HP: 153/155 MP: 15/15
 37579 | Snake:3  | Found Lanimmyt's Assorted Antiques.
 38131 | Snake:3  | Found Ratsepre's Book Emporium.
 38372 | Snake:3  | Found Mintum's Distillery.
 38569 | Snake:3  | Bought a potion of heal wounds for 75 gold pieces
 38569 | Snake:3  | Bought a potion of curing for 45 gold pieces
 38569 | Snake:3  | Bought a potion of curing for 45 gold pieces
 39061 | Snake:3  | Found Xotejia's Antique Armour Emporium.
 39839 | Snake:4  | Entered Level 4 of the Snake Pit
 39848 | Snake:3  | Received a gift from Okawaru
 41165 | Snake:4  | Received a gift from Okawaru
 42014 | Snake:4  | Received a gift from Okawaru
 42014 | Snake:4  | Found the +5 robe of Misfortune {Harm *Corrode *Slow EV+5}
 42922 | Snake:4  | Noticed Vashnia
 43371 | Snake:4  | Reached XP level 17. HP: 108/166 MP: 17/17
 43940 | Snake:4  | Killed Vashnia
 44297 | Snake:4  | Got a serpentine rune of Zot
 44513 | Swamp:1  | Entered Level 1 of the Swamp
 44904 | Swamp:1  | Reached skill level 15 in Shields
 45454 | Swamp:1  | Received a gift from Okawaru
 45683 | Swamp:1  | Found a runed translucent gate.
 45683 | Swamp:1  | Found a runed translucent gate.
 45683 | Swamp:1  | Found a runed translucent gate.
 45684 | Swamp:1  | Noticed poml's ghost (journeyman TrTm)
 46113 | Swamp:2  | Noticed Louise
 46127 | Swamp:2  | Killed Louise
 46887 | Swamp:3  | Noticed a tentacled monstrosity
 47537 | Swamp:3  | Killed a tentacled monstrosity
 47743 | Swamp:3  | Received a gift from Okawaru
 48262 | Swamp:4  | Entered Level 4 of the Swamp
 48273 | Swamp:4  | Identified the +2 war axe of Gussuc {holy, rElec rN+ Dex-5}
                  | (Okawaru gifted it to you on level 4 of the Swamp)
 48273 | Swamp:4  | Received a gift from Okawaru
 48279 | Swamp:4  | Identified the +1 robe of Qazlal's Grace {rPois rF- Dex+3}
 49281 | Swamp:4  | Got a decaying rune of Zot
 49753 | Swamp:4  | Identified the +3 sling "Ruighu" {vorpal, rElec rC+ Int+2}
 50002 | Swamp:4  | Received a gift from Okawaru
 50037 | Swamp:4  | Identified the +10 bardiche "Raf Mime" {flame, *Noise Will+
                  | Dex+4 Stlth+}
 50333 | Vaults:1 | Entered Level 1 of the Vaults
 50340 | Vaults:1 | Upgraded the game from 0.30-a0-29-g142975f to
                  | 0.30-a0-34-gbe8da38
 50578 | Vaults:1 | Identified the +1 chain mail of Space {Regen+ Int+7}
                  | (Okawaru gifted it to you on level 1 of the Vaults)
 50578 | Vaults:1 | Received a gift from Okawaru
 50945 | Vaults:1 | Reached skill level 10 in Throwing
 50945 | Vaults:1 | Reached XP level 18. HP: 176/176 MP: 18/18
 50970 | Vaults:1 | Noticed Asterion
 50978 | Vaults:1 | Noticed Agnes
 50994 | D:13     | Killed Agnes
 51272 | D:13     | Acquired a manual of Fighting
 51274 | D:13     | Acquired a +2 crystal plate armour
 51428 | Vaults:1 | Noticed Frederick
 51933 | Elf:1    | Entered Level 1 of the Elven Halls
 53097 | Elf:1    | Found Qorueneath's Weapon Emporium.
 53432 | Elf:1    | Found a runed translucent gate.
 53432 | Elf:1    | Found a runed translucent gate.
 53432 | Elf:1    | Found a runed translucent gate.
 53434 | Elf:1    | Found an opulent altar of Gozag.
 53435 | Elf:1    | Found Irhocs's Assorted Antiques.
 53436 | Elf:1    | Noticed Omodaef's ghost (journeyman DjEE)
 54364 | Elf:2    | Received a gift from Okawaru
 54364 | Elf:2    | Found the +3 pair of seven-league boots {Rampage+∞}
 54994 | Elf:2    | Found a runed translucent gate.
 54995 | Elf:2    | Found a runed translucent gate.
 54995 | Elf:2    | Found a runed translucent gate.
 55086 | Elf:3    | Entered Level 3 of the Elven Halls
 56731 | Elf:3    | Noticed an Ice Fiend
 56734 | Elf:3    | Noticed a Brimstone Fiend
 57337 | D:13     | Killed Frederick
 57766 | D:13     | Received a gift from Okawaru
 58289 | Vaults:1 | Killed Asterion
 58669 | Vaults:1 | HP: 8/182 [something (7)]
 59113 | Vaults:1 | Reached XP level 19. HP: 185/190 MP: 17/19
 59725 | Vaults:1 | Found a runed translucent door.
 59725 | Vaults:1 | Found a shimmering altar of Xom.
 59725 | Vaults:1 | Noticed Nycvuote's ghost (adept DrTm)
 61484 | Vaults:2 | Received a gift from Okawaru
 62243 | Vaults:2 | Received a gift from Okawaru
 62590 | Vaults:2 | Received a gift from Okawaru
 62637 | Vaults:2 | Identified the +1 plate armour "Sahad" {Rampage}
 63124 | Vaults:3 | Found a staircase to the Crypt.
 63773 | Vaults:3 | Noticed Xtahua
 63821 | Vaults:3 | Paralysed by Xtahua for 5 turns
 64161 | Vaults:3 | Received a gift from Okawaru
 64429 | Vaults:3 | Identified the +6 war axe of the Priest {freeze, rCorr
                  | Dex+2} (Okawaru gifted it to you on level 3 of the Vaults)
 64429 | Vaults:3 | Received a gift from Okawaru
 64790 | Vaults:3 | Reached XP level 20. HP: 165/204 MP: 20/20
 64972 | Vaults:3 | Killed Xtahua
 65767 | Vaults:4 | Received a gift from Okawaru
 65816 | Vaults:4 | Found a flickering gateway to a bazaar.
 65824 | Bazaar   | Entered a bazaar
 65903 | Bazaar   | Found Feroch's Jewellery Shop.
 65913 | Bazaar   | Found Icesyth's Magic Scroll Boutique.
 65920 | Bazaar   | Found Addoz's Antique Weapon Boutique.
 65957 | Bazaar   | Found Fosymm's Assorted Antiques.
 65961 | Bazaar   | Bought a scroll labelled ABREISH KOULOO for 24 gold pieces
 65989 | Bazaar   | Bought a scroll of fear for 28 gold pieces
 65989 | Bazaar   | Bought a scroll of enchant armour for 52 gold pieces
 65989 | Bazaar   | Bought a scroll of fear for 28 gold pieces
 66045 | Vaults:4 | Received a gift from Okawaru
 66619 | Vaults:4 | Found a transporter.
 66660 | Vaults:4 | Found a transporter.
 66971 | Vaults:4 | Received a gift from Okawaru
 67015 | Vaults:4 | Identified the +8 chain mail of the Albatross {rPois Str+3
                  | Dex-3} (Okawaru gifted it to you on level 4 of the Vaults)
 67015 | Vaults:4 | Received a gift from Okawaru
 67373 | Vaults:4 | Identified the ring "Fiob Kajo" {rC+ Str+2}
 67379 | Vaults:4 | Identified the ring of the Everdark {Wiz rN+ rCorr Int+4}
 67397 | Vaults:4 | Identified the +4 falchion "Mossewn" {vorpal, Contam Will+
                  | Str+4}
 68980 | Elf:3    | Paralysed by an air elemental for 1 turns
 70023 | Elf:3    | Identified the +10 dagger "Untetrum" {pain, Fly rN+ Int+2
                  | Stlth-}
 70023 | Elf:3    | Identified the ring "Loiriofe" {+Blink rC+ Str+2 Int+6
                  | SInv}
 70319 | Elf:3    | Identified the +7 hand axe "Xilutulu" {chaos, Fly Dex+3}
 71695 | Elf:3    | Identified the +1 hat of Brilliance {rCorr SInv} (Okawaru
                  | gifted it to you on level 3 of the Elven Halls)
 71695 | Elf:3    | Received a gift from Okawaru
 71955 | Elf:3    | Reached XP level 21. HP: 205/207 MP: 21/21
 72064 | Elf:3    | Identified the +0 pair of gloves of the Ten Moons {+Inv
                  | rF+++ Str+2 Int-5}
 72073 | Elf:3    | Got the Book of Outbursts
 72083 | Elf:3    | Got the Spellbook of Congelation
 72911 | Depths:1 | Entered Level 1 of the Depths
 72934 | Depths:1 | Found a gateway to Hell.
 73425 | Depths:1 | Found a runed translucent door.
 73428 | Depths:1 | Found a radiant altar of Vehumet.
 73428 | Depths:1 | Noticed an ancient lich
 73440 | Depths:1 | Noticed a caustic shrike
 73453 | Depths:1 | Killed a caustic shrike
 74323 | Depths:1 | Received a gift from Okawaru
 74479 | Depths:1 | Found a portal to a secret trove of treasure.
 75079 | Depths:1 | You paid a toll of a +7 demon trident to enter a treasure
                  | trove
 75080 | Trove    | Entered a treasure trove
 75082 | Trove    | Found the brooch of Shielding {Spirit SH+8}
 75084 | Trove    | Identified the ring of Asivib {rF+ Str+6 Stlth+}
 75087 | Trove    | Identified the ring of Honesty {rF+ AC+4 Int+4}
 75088 | Trove    | Identified the ring of the Coward {rCorr Str+6}
 75089 | Trove    | Identified the ring of Corghenu {Wiz Str+3}
 75092 | Trove    | Identified the ring "Voijo" {rElec rPois rC+ AC+4}
 75095 | Trove    | Identified the ring "Nusoduli" {rF+ rN+ Int+3 Stlth+}
 75096 | Trove    | Identified the ring "Moaddimm" {rElec rF+ rCorr Int-4}
 75097 | Trove    | Identified the ring "Susaunk" {rPois rN+ Int+4 Dex+4}
 75098 | Trove    | Identified the ring of Xom's Entertainment {rElec Str+6}
 75099 | Trove    | Identified the ring "Ludeugog" {rF+ Will+ AC+4 Str+3 Int-3}
 75241 | Depths:1 | Found a one-way gateway to a ziggurat.
 75244 | Depths:1 | Paralysed by a floating eye for 3 turns
 75316 | Depths:1 | Found a one-way gate leading to the halls of Pandemonium.
 75516 | Depths:1 | Paralysed by a floating eye for 3 turns
 75527 | Depths:1 | Paralysed by a floating eye for 2 turns
 75535 | Depths:1 | Paralysed by a floating eye for 4 turns
 75542 | Depths:1 | Paralysed by a floating eye for 3 turns
 75567 | Depths:1 | Paralysed by a floating eye for 2 turns
 75571 | Depths:1 | Paralysed by a floating eye for 3 turns
 75579 | Depths:1 | Paralysed by a floating eye for 4 turns
 75987 | Swamp:1  | Received a gift from Okawaru
 76000 | Swamp:1  | Killed poml's ghost
 76324 | Elf:1    | Killed Omodaef's ghost
 76448 | Elf:1    | Bought a scroll of enchant weapon for 232 gold pieces
 76448 | Elf:1    | Bought a potion of heal wounds for 155 gold pieces
 76959 | Depths:2 | Found a one-way gate to the infinite horrors of the Abyss.
 77008 | Depths:2 | Noticed the Enchantress
 77354 | Abyss:2  | Cast into level 2 of the Abyss (the Enchantress)
 77594 | Abyss:2  | Identified the +5 war axe of Bef Eqauni {drain, rPois Will+
                  | Str+4} (Okawaru gifted it to you on level 2 of the Abyss)
 77594 | Abyss:2  | Received a gift from Okawaru
 77756 | Depths:2 | Escaped the Abyss
 77773 | Depths:2 | Killed the Enchantress
 77856 | Depths:2 | Reached XP level 22. HP: 123/228 MP: 14/22
 78716 | Depths:2 | Found Ucyatirr's Book Emporium.
 78719 | Depths:2 | Found Anlia's Jewellery Shop.
 78721 | Depths:2 | Found Raysag's Book Emporium.
 78731 | Depths:2 | Bought a manual of Throwing for 1520 gold pieces
 78830 | Depths:2 | Noticed Aizul
 78832 | Depths:2 | Identified the +2 pair of gloves of Card Tricks {rElec rF+}
                  | (Okawaru gifted it to you on level 2 of the Depths)
 78832 | Depths:2 | Received a gift from Okawaru
 78867 | Depths:2 | Killed Aizul
 79386 | Depths:3 | Noticed Parghit
 79955 | Depths:3 | Found a sacrificial altar of Ru.
 80712 | Depths:4 | Entered Level 4 of the Depths
 80859 | Depths:4 | Noticed a juggernaut
 81293 | Depths:3 | Found a runed translucent door.
 81294 | Depths:3 | Noticed a golden dragon
 81305 | Depths:3 | Found a runed translucent door.
 81307 | Depths:3 | Noticed a juggernaut
 81930 | Depths:4 | Killed a juggernaut
 81958 | Depths:4 | Noticed a juggernaut
 81970 | Depths:4 | Killed a juggernaut
 82260 | Depths:4 | Found Hotezith's Assorted Antiques.
 82470 | Depths:4 | Identified the +2 broad axe "Tesuucayps" {vorpal, MP+9
                  | Str+2} (Okawaru gifted it to you on level 4 of the Depths)
 82470 | Depths:4 | Received a gift from Okawaru
 82839 | Depths:4 | Found a gate to the Realm of Zot.
 83313 | Orc:2    | Bought a scroll of acquirement for 1872 gold pieces
 83313 | Orc:2    | Bought a scroll of enchant weapon for 270 gold pieces
 83315 | Orc:2    | Acquired 1004 gold pieces
 83546 | Slime:1  | Entered Level 1 of the Pits of Slime
 83916 | Slime:2  | Reached skill level 27 in Axes
 85156 | Slime:3  | Received a gift from Okawaru
 85198 | Slime:3  | Reached XP level 23. HP: 239/239 MP: 24/24
 85321 | Slime:4  | Received a gift from Okawaru
 85794 | Slime:5  | Entered Level 5 of the Pits of Slime
 85823 | Slime:5  | Noticed the Royal Jelly
 85877 | Slime:5  | Reached skill level 27 in Fighting
 86397 | Slime:5  | Paralysed by a great orb of eyes for 2 turns
 86449 | Slime:5  | Gained mutation: You are clumsy. (Dex -2) [a shining eye]
 86932 | Slime:4  | Upgraded the game from 0.30-a0-34-gbe8da38 to
                  | 0.30-a0-38-g011bda1
 88469 | Slime:5  | Killed the Royal Jelly
 89039 | Slime:5  | Identified the amulet "Kievonism" {Reflect +Inv Will- rCorr
                  | Int-3 SH+5}
 89083 | Slime:5  | Identified the +15 plate armour of Untruth {MP+9 Slay+3}
 89356 | Slime:5  | Got a slimy rune of Zot
 89816 | Zot:1    | Entered Level 1 of the Realm of Zot
 90007 | Zot:1    | Noticed an orb of fire
 90016 | Depths:4 | Received a gift from Okawaru
 90027 | Depths:4 | Lost intelligence.
 90152 | Zot:1    | Noticed an orb of fire
 90152 | Zot:1    | Gained mutation: You are weak. (Str -2) [an orb of fire]
 90156 | Zot:1    | Gained mutation: You are frail. (-10% HP) [an orb of fire]
 90163 | Zot:1    | Killed an orb of fire
 90164 | Zot:1    | Gained mutation: You occasionally shout uncontrollably at
                  | your foes. [an orb of fire]
 90165 | Zot:1    | Killed an orb of fire
 90359 | Depths:4 | Lost mutation: You are clumsy. (Dex -2) [potion of
                  | mutation]
 90359 | Depths:4 | Lost mutation: You are frail. (-10% HP) [potion of
                  | mutation]
 90359 | Depths:4 | Lost mutation: You are weak. (Str -2) [potion of mutation]
 90359 | Depths:4 | Gained mutation: You sometimes lose your temper in combat.
                  | [potion of mutation]
 90359 | Depths:4 | Lost mutation: You sometimes lose your temper in combat.
                  | [potion of mutation]
 90501 | Zot:1    | Received a gift from Okawaru
 91625 | Zot:1    | Noticed Grunn
 91654 | Zot:1    | Killed Grunn
 91862 | Zot:1    | Received a gift from Okawaru
 92819 | Zot:1    | Received a gift from Okawaru
 92927 | Zot:2    | Reached skill level 27 in Shields
 92934 | Zot:2    | Reached skill level 5 in Dodging
 93546 | Zot:2    | Found a transporter.
 93546 | Zot:2    | Noticed Vapurghao's ghost (master MiBr)
 93546 | Zot:2    | Noticed an ancient lich
 93683 | Zot:1    | Received a gift from Okawaru
 94086 | Zot:2    | Reached XP level 24. HP: 238/239 MP: 24/24
 94500 | Zot:2    | Acquired 997 gold pieces
 94557 | Zot:2    | Found a transporter.
 98350 | Zot:3    | Received a gift from Okawaru
 98928 | Zot:3    | Identified the -1 hat "Apose" {rPois} (Okawaru gifted it to
                  | you on level 3 of the Realm of Zot)
 98928 | Zot:3    | Received a gift from Okawaru
 99337 | Zot:4    | Noticed an orb of fire
 99343 | Zot:4    | Gained mutation: You are partially covered in iridescent
                  | scales. (AC +2) [an orb of fire]
 99345 | Zot:4    | Gained mutation: Your magical capacity is low. (-10% MP)
                  | [an orb of fire]
 99349 | Zot:4    | Gained mutation: You have sharp toenails. [an orb of fire]
 99354 | Zot:4    | Killed an orb of fire
100039 | Zot:5    | Entered Level 5 of the Realm of Zot
101214 | Zot:5    | Identified the +2 whip of Infinite Pain {speed, rF+}
101271 | Zot:5    | Noticed an ancient lich
101273 | Zot:5    | Noticed a Killer Klown
101273 | Zot:5    | Noticed a Killer Klown
101287 | Zot:5    | Noticed an orb of fire
101293 | Zot:5    | Noticed a Killer Klown
101298 | Zot:5    | Gained mutation: You occasionally lose the ability to drink
                  | potions when taking damage. [an orb of fire]
101304 | Zot:5    | Reached skill level 27 in Armour
101309 | Zot:5    | HP: 8/243 [orb of fire/bolt of fire (9)]
101310 | Zot:5    | Killed from afar by an orb of fire

Illustrated notes

Levels and vault maps discovered:
D:1:      dreamdust_arrival_beginning_and_end, layout_basic
D:2:      layout_basic, kennysheep_doodads
D:3:      layout_loops_ring, dilly_ecumenical_altar_fadedgnrine
D:4:      layout_basic, temple_pool_b
D:5:      layout_cave_pods, mainiacjoe_overflow_six_doors_small,
          mainiacjoe_overflow_small_starburst, jmf_multi_god_temple2,
          serial_shops, shop, uniq_eustachio, uniq_sigmund
D:6:      layout_loops_ring
D:7:      layout_rooms
D:8:      nicolae_BIG_FREAKIN_CUBE, layout_rooms, mainiacjoe_overflow_chevrons,
          serial_shops, nicolae_shop_bloodbath_and_beyond,
          nicolae_lakefront_shop, uniq_joseph
D:9:      layout_loops_ring, fedhas_altar_4, erik_lair_island,
          serial_bayou_crossing, uniq_erica, uniq_pikel, uniq_maggie
D:10:     layout_basic, nicolae_overflow_hidden_temple, minivault_13
D:11:     layout_cave_pools, zombieorc2_lemuel
D:12:     layout_irregular_city, nicolae_twisting_strands
D:13:     layout_roguey, erik_vaults_1
D:14:     kennysheep_blocky_hall, layout_loops_corners, serial_park_fountain,
          small_chamber_with_monster
D:15:     gammafunk_enter_depths_forms, layout_stronghold,
          serial_bayou_lagoon_a, chequers_avenue
Temple:   bh_familiar_temple
Lair:1:   layout_chaotic_city, minivault_24, lemuel_fruit_tree,
          infiniplex_staircase_pool_2, uniq_harold, uniq_amaemon
Lair:2:   layout_long_grid, palyth_hydra_swamp_entry, grunt_megastairs_3,
          lemuel_fruit_fields, uniq_urug
Lair:3:   layout_layer_cave, dummy_snake_entry,
          lightli_volcano_entry_magma_tube, minmay_hedge_maze,
          beast_lair_carwin_1, serial_bayou_shore_a
Lair:4:   layout_layer_cave, minmay_holes, grunt_megastairs_5, uniq_snorg
Lair:5:   due_jungle_book, layout_cave_pods, slime_entry_1
Swamp:1:  layout_basic_swamp, gammafunk_ghost_necromancy,
          evilmike_swamp_ruin_rubble_1, swamp_pool3
Swamp:2:  layout_basic_swamp, nicolae_swamp_little_tower, uniq_louise
Swamp:3:  nicolae_swamp_ascending_descending, layout_basic_swamp,
          evilmike_swamp_ruin_house_5, swamp_pool2
Swamp:4:  swamp_alternative, layout_basic_swamp, swamp_pool2,
          cheibrodos_swamp_witchery
Snake:1:  layout_chambers
Snake:2:  layout_cave_town
Snake:3:  layout_chambers, serial_shops, nicolae_square_shop,
          nicolae_shop_hallway_plus, nicolae_shop_stone,
          nicolae_shop_advertising_works [nicolae_subvault_shop_adworks],
          st_stairs_1, nicolae_snake_gridmaze_entwining
Snake:4:  grunt_snake_rune_serpentine_throne, layout_basic
Slime:1:  layout_caves
Slime:2:  layout_caves
Slime:3:  layout_caves
Slime:4:  layout_caves, cheibrodos_slime_lost_civilization_7
Slime:5
Orc:1:    layout_caves, uniq_josephine
Orc:2:    st_orc_town, layout_caves, elves_outpost_lemuel, uniq_nessos
Elf:1:    layout_loops_cross, ebering_ghost_gozag, serial_shops,
          nicolae_take_the_stairs, hangedman_elven_crosses_minicolossus,
          st_stairs_12
Elf:2:    nicolae_elf_blades_crystal_corner, layout_gridlike,
          portal_ice_cave_entry_ice_statue_two
Elf:3:    minmay_elf_hall_not_hex, layout_loops_corners
Vaults:1: ebering_ghost_xom, vaults_room_fancy_cross, sword_in_stone,
          nicolae_vaults_alarming, ontoclasm_vaults_eye, vaults_dpeg_hooks,
          vaults_room_semicircle, ontoclasm_vaults_chip, vaults_room_grid,
          layout_vaults_omnigrid
Vaults:2: vaults_dpeg_encased_lava, ontoclasm_vaults_ring_small, v_rooms_6,
          vaults_dpeg_spiral, grunt_vaults_focal, vaults_mumra_minichess,
          v_misc_17, vaults_room_ringed_pool, v_misc_1, vaults_mumra_hexcomb,
          v_misc_12, layout_vaults_omnibox
Vaults:3: minmay_crypt_entry_simple_corners, nicolae_vaults_network_star,
          v_misc_33, nicolae_vaults_angled_halls, v_misc_33,
          grunt_vaults_diagonal, nicolae_vaults_little_squares_3,
          nicolae_vaults_circle_grid_b, grunt_vaults_hallway_short,
          vaults_room_pools, layout_vaults_omnicross, uniq_xtahua
Vaults:4: ontoclasm_vaults_loading_screen, gammafunk_dig_for_victory,
          ontoclasm_vaults_ring_large, v_misc_3, ontoclasm_vaults_hangar,
          v_misc_29, vaults_dpeg_diagonal, hangedman_vaults_capsules,
          nicolae_vaults_mini_display_case, layout_vaults_maze_snakey,
          serial_shops, bzr_entry_gold
Depths:1: minmay_bloctagon_deflated, layout_small_grid, enter_ziggurat_d,
          rand_demon_pan_entry_3, nicolae_trove_entry_diagonal,
          grunt_decor_mini_mirrors, hell_entry, grunt_absolute_annihilation
Depths:2: kennysheep_room_grid, layout_twisted_cross, hell_entry,
          rand_demon_pan_entry_8, abyss_entry_small_statue_room,
          serial_bayou_shore_b, minmay_shop_grove,
          infiniplex_staircase_pillars_3a, uniq_aizul, uniq_enchantress
Depths:3: minmay_expanding_circles, layout_gridville, pan_entry,
          minmay_misc_feat_four_crosses, hellmouth_1, abyss_entry,
          nicolae_ru_the_path_less_chosen, uniq_parghit
Depths:4: grunt_zot_entry_hairpin, layout_cave_pools, minmay_misc_feat_square,
          serial_shops, shop, hell_entry, uniq_josephina, uniq_frederick
Zot:1:    layout_gridlike, lemuel_lake_of_fire, uniq_grunn
Zot:2:    layout_onion_interference, gammafunk_ghost_abyssal_escape,
          grunt_ministairs_6
Zot:3:    layout_cellular_growth, grunt_ministairs_1, zot_minivault_1
Zot:4:    layout_onion
Zot:5:    layout_cathedral_of_symmetry

Skill      XL: |  1  2  3  4  5  6  7  8  9 10 11 12 13 14 15 16 17 18 19 20 21 22 23 24 |
---------------+-------------------------------------------------------------------------+-----
Fighting       | 4 5 6 7 9 11 12 13 15 17 18 19 21 23 24 25 26 27 | 27.0
Shields        | 4 5 6 7 8 9 10 12 14 16 18 20 21 22 24 27 | 27.0
Axes           | 3 4 5 6 7 9 11 13 14 16 17 18 19 20 21 22 23 25 27 | 27.0
Armour         | 4 5 6 8 9 10 11 13 14 16 17 18 19 20 21 22 23 27 | 27.0
Dodging        | 1 2 3 4 5 8 |  8.4
Throwing       | 1 2 4 5 7 9 10 11 | 11.1
Invocations    | 1 2 3 |  3.0

Action                   |  1- 3 |  4- 6 |  7- 9 | 10-12 | 13-15 | 16-18 | 19-21 | 22-24 || total
-------------------------+-------+-------+-------+-------+-------+-------+-------+-------++-------
Melee: War axe           |    83 |    76 |   321 |   459 |  1085 |  1462 |   405 |   727 ||  4618
       Headbutt          |     9 |     8 |    65 |    95 |   275 |   362 |   510 |   633 ||  1957
       Broad axe         |       |       |       |       |       |       |  1377 |  1160 ||  2537
Throw: Boomerang         |       |     9 |    39 |   129 |    24 |     1 |       |       ||   202
       Javelin           |       |       |       |    19 |    45 |    33 |    18 |    16 ||   131
       Dart              |       |       |       |     2 |    14 |     2 |       |    19 ||    37
       Throwing net      |       |       |       |       |     1 |     2 |       |       ||     3
Invok: Heroism           |       |       |       |     5 |     4 |    13 |    11 |     6 ||    39
       Finesse           |       |       |       |       |       |     1 |       |     1 ||     2
 Abil: Evoke Blink       |       |       |       |       |       |       |       |     2 ||     2
Evoke: Wand              |       |       |       |       |       |     1 |     7 |       ||     8
  Use: Potion            |       |       |     6 |    13 |     5 |     8 |     5 |    31 ||    68
       Scroll            |       |       |     9 |    16 |    24 |    19 |    12 |    19 ||    99
Armor: Scale mail        |    55 |    40 |     7 |       |       |       |       |       ||   102
       Plate armour      |       |       |   242 |   353 |   470 |   413 |       |   493 ||  1971
       Crystal plate arm |       |       |       |       |       |   181 |   680 |   588 ||  1449
Dodge: Dodged            |    30 |    37 |   137 |   199 |   305 |   295 |   226 |   418 ||  1647
       Repelled          |       |       |     1 |     1 |     6 |     8 |     6 |    44 ||    66
Block: Buckler           |    11 |    20 |    99 |   135 |   333 |   565 |       |       ||  1163
       Reflection        |       |       |       |       |    14 |    96 |    48 |       ||   158
       Tower shield      |       |       |       |       |       |   474 |  1596 |  2350 ||  4420

Table legend: (Time is in decaauts)
 A = Elapsed time spent in this place.
 B = Non-inter-level travel time spent in this place.
 C = Inter-level travel time spent in this place.
 D = Time resting spent in this place.
 E = Time spent auto-exploring this place.
 F = Levels seen in this place.
 G = Mean time per level.
                   A        B        C        D        E       F      G
               +--------+--------+--------+--------+--------+-----+--------+
         Total | 100360 |  85307 |  15053 |  32690 |  38022 |  55 | 1824.7 |
       Dungeon |  26067 |  23019 |   3048 |   7734 |  12409 |  15 | 1737.8 |
        Temple |    184 |    161 |     23 |      0 |    156 |   1 |  184.0 |
          Lair |  11266 |   9738 |   1528 |   1414 |   7086 |   5 | 2253.2 |
         Swamp |   5461 |   4812 |    649 |   1730 |   2299 |   4 | 1365.2 |
     Snake Pit |   9638 |   8893 |    745 |   3314 |   4428 |   4 | 2409.5 |
    Slime Pits |   5032 |   4411 |    621 |   1861 |   1631 |   5 | 1006.4 |
  Orcish Mines |   3375 |   2754 |    621 |    737 |   1498 |   2 | 1687.5 |
   Elven Halls |  10266 |   8467 |   1799 |   4996 |   1835 |   3 | 3422.0 |
        Vaults |   8848 |   6277 |   2571 |   1970 |   2608 |   4 | 2212.0 |
        Depths |   9046 |   7524 |   1522 |   3417 |   2473 |   4 | 2261.5 |
           Zot |  10508 |   8586 |   1922 |   5443 |   1268 |   5 | 2101.6 |
         Abyss |    417 |    417 |      0 |     71 |    194 |   1 |  417.0 |
        Bazaar |    197 |    197 |      0 |      0 |    133 |   1 |  197.0 |
         Trove |     49 |     49 |      0 |      0 |      1 |   1 |   49.0 |
               +--------+--------+--------+--------+--------+-----+--------+

Top non-repeatable levels by time:
   Elf:2: 5282 daAuts
    D:13: 3473 daAuts
 Snake:3: 3376 daAuts
 Snake:4: 3284 daAuts
  Lair:5: 3110 daAuts
   Zot:1: 3044 daAuts
   Elf:1: 2786 daAuts
Vaults:2: 2769 daAuts
Depths:1: 2726 daAuts
     D:9: 2687 daAuts
  Lair:2: 2589 daAuts
   Zot:3: 2512 daAuts
    D:10: 2425 daAuts
    D:11: 2332 daAuts
Vaults:1: 2278 daAuts
